AoeStats
← Lucierna111

Arabia

503245802Analyzed
1v1 RM · 2mo ago on Aug 30, 2026· 33m 24s· 2 players
Game mode
Random Map
Map size
Tiny (2 player)
Population
200
Speed
Normal
Resources
Standard
Victory
Conquest
Starting age
Dark Age
Ending age
Imperial Age
RankedLock teamsTeams togetherTeam positionsShared explorationLock speedFull tech treeHidden civsTurbo modeCheats
Victory
Defeat
🇦🇷 Huns · Argentina
411
+18
vs
🇦🇷 Vikings · Argentina
450
-18
Lucierna111
6:39 Loom
9:41 Feudal Age
10:10 Double-Bit Axe
10:56 Town Watch
12:54 Wheelbarrow
13:43 Horse Collar
20:25 Castle Age
22:12 Hand Cart
21:59 Town Patrol
22:27 Gold Mining
24:36 Bow Saw
24:20 Fletching
24:31 Padded Archer Armor
25:40 Gold Shaft Mining
26:58 Leather Archer Armor
27:58 Fervor
29:04 Ballistics
28:44 Bodkin Arrow
31:24 Arson
32:23 Heavy Plow
32:18 Stone Mining
32:50 Masonry
brian_carp11
7:19 Loom
11:34 Feudal Age
12:32 Double-Bit Axe
17:44 Horse Collar
20:23 Gold Mining
20:10 Man-at-Arms
25:02 Castle Age
23:51 Stone Mining
24:02 Arson
28:07 Elite Skirmisher
28:09 Crossbowman
Connection lost

Rejoining the realm…

Still unreachable

The connection could not be restored.

Session expired

The server has moved on; the page needs a fresh start.